AoeStats
← KenpachiZaraki

African Clearing

505584434Analyzed
3v3 RM · 23d ago on Sep 10, 2026· 59m 50s· 6 players
Game mode
Random Map
Map size
Normal (6 player)
Population
200
Speed
Normal
Resources
Standard
Victory
Conquest
Starting age
Dark Age
Ending age
Imperial Age
RankedLock teamsTeams togetherTeam positionsShared explorationLock speedFull tech treeHidden civsTurbo modeCheats
Victory
Defeat
🇨🇦 Cumans · Canada
1018
+11
🇩🇪 Huns · Germany
1008
+12
🇨🇳 Persians · China
974
+14
🇨🇴 Poles · Colombia
1062
-17
🇨🇴 Saracens · Colombia
1043
-16
🇨🇴 Magyars · Colombia
639
-4
Pinselchen
12:26 Feudal Age
12:08 Loom
12:15 Loom
13:06 Double-Bit Axe
21:49 Fletching
22:36 Scale Barding Armor
22:48 Bloodlines
24:50 Castle Age
26:06 Wheelbarrow
27:20 Husbandry
27:46 Gold Mining
29:12 Stone Mining
30:07 Bodkin Arrow
31:33 Padded Archer Armor
37:41 Thumb Ring
40:33 Horse Collar
41:06 Bow Saw
43:30 Hand Cart
47:27 Imperial Age
45:24 Leather Archer Armor
45:58 Gold Shaft Mining
47:50 Chain Barding Armor
48:02 Heavy Plow
48:36 Conscription
48:55 Bracer
49:59 Chemistry
49:24 Cavalier
51:24 Plate Barding Armor
52:26 Heavy Cavalry Archer
52:59 Paladin
54:42 Forging
55:03 Parthian Tactics
54:55 Town Watch
56:22 Iron Casting
57:55 Marauders
Ellendhir
4:59 Loom
15:25 Feudal Age
16:00 Double-Bit Axe
17:37 Wheelbarrow
24:15 Castle Age
22:22 Gold Mining
23:38 Scale Barding Armor
24:35 Bloodlines
26:00 Forging
27:20 Horse Collar
31:22 Iron Casting
32:51 Chain Barding Armor
35:41 Heavy Plow
36:53 Town Watch
37:27 Hand Cart
38:16 Bow Saw
45:09 Imperial Age
43:06 Town Patrol
43:36 Fletching
46:43 Plate Barding Armor
45:52 Elite Skirmisher
47:21 Conscription
47:58 Cuman Mercenaries
50:43 Blast Furnace
50:03 Padded Archer Armor
50:00 Bodkin Arrow
52:27 Padded Archer Armor
52:23 Bodkin Arrow
54:55 Elite Steppe Lancer
57:13 Leather Archer Armor
zhuge2021
5:23 Loom
9:09 Loom
15:06 Feudal Age
15:48 Double-Bit Axe
22:53 Gold Mining
25:40 Castle Age
25:59 Scale Barding Armor
26:08 Bloodlines
26:40 Bow Saw
28:05 Chain Barding Armor
30:43 Forging
32:37 Wheelbarrow
36:37 Horse Collar
39:47 Fletching
40:24 Bodkin Arrow
43:51 Imperial Age
42:00 Kamandaran
43:33 Padded Archer Armor
44:19 Crossbowman
45:54 Conscription
46:42 Chemistry
45:09 Heavy Scorpion
46:58 Hand Cart
47:48 Two-Man Saw
46:53 Heavy Plow
47:28 Leather Archer Armor
47:49 Plate Barding Armor
49:15 Husbandry
48:36 Cavalier
51:47 Crop Rotation
56:37 Ring Archer Armor
56:43 Iron Casting
hitmansusa
5:55 Loom
14:41 Feudal Age
15:16 Double-Bit Axe
16:21 Fletching
27:25 Castle Age
27:35 Crossbowman
28:13 Bodkin Arrow
31:26 Padded Archer Armor
32:25 Bow Saw
36:12 Ballistics
39:09 Gold Mining
44:02 Thumb Ring
49:50 Wheelbarrow
53:41 Imperial Age
52:38 Forging
53:16 Hand Cart
56:27 Chemistry
57:28 Arbalester
58:24 Bracer
KenpachiZaraki
12:43 Loom
16:49 Feudal Age
19:10 Double-Bit Axe
21:52 Bloodlines
30:21 Castle Age
30:44 Scale Barding Armor
32:03 Scale Mail Armor
33:50 Crossbowman
41:33 Elite Skirmisher
43:02 Horse Collar
43:29 Pikeman
47:31 Corvinian Army
58:39 Fletching
Andrick127
10:17 Loom
14:19 Feudal Age
15:26 Double-Bit Axe
18:52 Scale Barding Armor
25:21 Castle Age
24:25 Forging
25:32 Bloodlines
25:19 Stone Mining
25:22 Gold Mining
27:00 Bow Saw
30:11 Horse Collar
32:19 Heavy Plow
33:10 Chain Barding Armor
35:44 Wheelbarrow
47:39 Hand Cart
49:06 Husbandry
51:52 Imperial Age
51:34 Iron Casting
52:29 Light Cavalry
54:12 Blast Furnace
53:35 Lechitic Legacy
53:36 Conscription
54:30 Crop Rotation
54:36 Winged Hussar
Connection lost

Rejoining the realm…

Still unreachable

The connection could not be restored.

Session expired

The server has moved on; the page needs a fresh start.